 Dungeon Crawl Stone Soup version 0.29-a0-838-g385bb11a5b (webtiles) character file.

Game seed: 12979255780266397288

455 flyleaff the Chiller (level 6, 0/32 HPs)
             Began as a Deep Elf Ice Elementalist on July 13, 2022.
             Hit by a boomerang thrown by a gnoll (8 damage)
             ... on level 4 of the Dungeon.
             The game lasted 00:10:51 (3497 turns).

flyleaff the Chiller (Deep Elf Ice Elementalist)    Turns: 3497, Time: 00:10:52

Health: 0/32       AC:  2    Str:  5    XL:     6   Next: 76%
Magic:  15/15      EV: 13    Int: 22    God:
Gold:   135        SH:  0    Dex: 21    Spells: 1/14 levels left

rFire   . . .      SeeInvis .   h - +10 rapier of Broken Luck {vorpal, Will+}
rCold   . . .      Faith    .   (no shield)
rNeg    . . .      Spirit   .   a - +0 robe
rPois   .          Reflect  .   (no helmet)
rElec   .          Harm     .   (no cloak)
rCorr   .          Rampage  .   (no gloves)
Will    +....                   (no boots)
Stlth   +.........              (no amulet)
HPRegen 0.10/turn               g - +6 ring of dexterity
MPRegen 0.14/turn               (no ring)

@: confused, ambrosia-drunk
A: no striking features
a: no special abilities


You were on level 4 of the Dungeon.
You visited 1 branch of the dungeon, and saw 4 of its levels.

You collected 135 gold pieces.

Inventory:

Hand Weapons
 c - a +0 dagger
 h - the +10 rapier of Broken Luck (weapon) {vorpal, Will+}
   (You found it on level 3 of the Dungeon)

   It inflicts extra damage upon your enemies.
   Will:      It increases your willpower.
Armour
 a - a +0 robe (worn)
Magical Staves
 b - a staff of cold
Jewellery
 g - a +6 ring of dexterity (left hand)
Scrolls
 d - 7 scrolls of identify {unknown}
 i - a scroll of enchant armour {unknown}
 k - a scroll of teleportation
 n - a scroll of poison {unknown}
Potions
 f - 2 potions of brilliance
 j - 2 potions of magic
 l - a potion of mutation {unknown}
 m - a potion of heal wounds {unknown}


   Skills:
 - Level 3.3 Short Blades
 - Level 1.4 Staves
 - Level 2.4 Dodging
 + Level 3.1 Stealth
 - Level 4.6 Spellcasting
 + Level 2.0 Conjurations
 + Level 2.3 Hexes
 + Level 1.9 Translocations
 - Level 5.5 Ice Magic


You had one spell level left.
You knew the following spells:

 Your Spells              Type           Power      Damage    Failure   Level
a - Freeze                Ice            100%       1d11      1%          1
b - Frozen Ramparts       Ice            58%        1d7       3%          3
c - Dazzling Flash        Conj/Hex       28%        N/A       13%         3
d - Teleport Other        Tloc           13%        N/A       14%         3
e - Ozocubu's Armour      Ice            29%        N/A       3%          3

Your spell library contained the following spells:

 Spells                   Type           Power      Damage    Failure   Level
 Slow                     Hex            60%        N/A       4%          1
 Ensorcelled Hibernation  Hex/Ice        44%        N/A       3%          2
 Confusing Touch          Hex            15%        N/A       12%         3
 Gell's Gravitas          Tloc           13%        N/A       14%         3
 Lesser Beckoning         Tloc           13%        N/A       14%         3
 Hailstorm                Conj/Ice       21%        3d6       22%         4
 Spider Form              Tmut/Pois      5%         N/A       30%         3
 Vampiric Draining        Necr           5%         2d6       30%         3
 Iskenderun's Mystic Bla  Conj/Tloc      13%        2d5       41%         4
 Anguish                  Hex/Necr       5%         N/A       54%         4
 Animate Armour           Summ/Erth      10%        N/A       71%         4
 Blade Hands              Tmut           2%         N/A       96%         5
 Iron Shot                Conj/Erth      4%         9d2       100%        6
 Starburst                Conj/Fire      4%         6d4       100%        6


Dungeon Overview and Level Annotations

Branches:
Dungeon (4/15)
 Temple: D:4-7

Altars:

Shops:
D:1 (


Message History

No target in view!
No target in view!
You now have 135 gold pieces (gained 6).
Found a stone staircase leading up.
A kobold comes into view. It is wielding a +0 dagger.
A kobold is nearby!
The kobold shouts!
You closely miss the kobold. The kobold barely misses you.
You hit the kobold.
The kobold is severely wounded.
The kobold barely misses you.
You puncture the kobold!
You kill the kobold!
No target in view!
No target in view!
You pick up a book of Dreams and begin reading...
You add the spells Ensorcelled Hibernation, Spider Form and Anguish to your library.
A gnoll comes into view. It is wielding a +0 spear.
A gnoll is nearby!
A gnoll is nearby!
A gnoll comes into view. It is wielding a +0 spear.
The gnoll shouts! x2
The gnoll hits you with a +0 spear!
You hear a shout! x2
You barely miss the gnoll. The gnoll closely misses you.
You puncture the gnoll!
You kill the gnoll!
A gnoll comes into view. It is wielding a +0 spear.
The gnoll hits you with a +2 flail of holy wrath.
The gnoll throws a boomerang.
The boomerang hits you!
The gnoll hits you from afar with a +0 spear!
* * * LOW HITPOINT WARNING * * *
Things that are here:
a +0 spear; a gnoll corpse It was a potion of ambrosia.
You are confused.
You feel invigorated. The gnoll hits you but does no damage.
The gnoll closely misses you.
The gnoll throws a boomerang.
The boomerang hits you!
You die...

..<#..#....#...##.#
##..#.......÷....#.#
...#..#...#÷.......
.######.#..##.##.#...#..
.................##.##.#
.......g................
...g#..............###
#.g..............#
#####@#.###........#
#.....#......#####.#
#.######.#########.# #.#
#..###....# # #.#
#........†#
#.######...##....#
#......#.#.####.##
######.#.#..........
#.#.#..###.##.#


You could see 3 gnolls.

Vanquished Creatures
  The ghost of IdlyInterested the Cudgeller, an amateur DsGl (D:3)
  A black bear (D:4)
  A scorpion (D:3)
  An orc priest (D:3)
  An iguana (D:4)
  A gnoll (D:4)
  2 adders (D:3)
  2 worms (D:3)
  5 dart slugs
  4 orcs (D:3)
  3 ball pythons
  4 bats (D:1)
  6 endoplasms
  3 giant cockroaches (D:1)
  6 goblins
  8 hobgoblins
  7 jackals
  3 quokkas
  4 frilled lizards
  6 kobolds
  5 rats
74 creatures vanquished.

Notes
Turn   | Place    | Note
-------+----------+-------------------------------------------
     0 | D:1      | flyleaff the Deep Elf Ice Elementalist began the quest for
                  | the Orb.
     0 | D:1      | Reached XP level 1. HP: 10/10 MP: 6/6
   464 | D:1      | Reached XP level 2. HP: 11/15 MP: 4/8
   919 | D:1      | Found Pumpa's Antique Weapon Boutique.
  1019 | D:1      | Reached skill level 5 in Ice Magic
  1019 | D:1      | Reached XP level 3. HP: 19/19 MP: 8/10
  1131 | D:1      | Learned a level 3 spell: Frozen Ramparts
  1135 | D:1      | Learned a level 3 spell: Dazzling Flash
  1139 | D:1      | Learned a level 3 spell: Teleport Other
  1507 | D:2      | You fall into a shaft and drop 1 floor!
  1518 | D:3      | Identified the +10 rapier of Broken Luck {vorpal, Will+}
  1752 | D:3      | Noticed a scorpion
  1759 | D:3      | Killed a scorpion
  1760 | D:3      | Reached skill level 1 in Staves
  1760 | D:3      | Reached skill level 1 in Conjurations
  1760 | D:3      | Reached skill level 1 in Hexes
  1760 | D:3      | Reached XP level 4. HP: 15/24 MP: 7/12
  2025 | D:3      | Reached skill level 1 in Translocations
  2025 | D:3      | Reached XP level 5. HP: 7/28 MP: 9/13
  2278 | D:3      | Found a runed translucent door.
  2431 | D:3      | Found a faded altar of an unknown god.
  2479 | D:3      | Learned a level 3 spell: Ozocubu's Armour
  2525 | D:3      | Noticed IdlyInterested's ghost (amateur DsGl)
  2563 | D:3      | Reached skill level 1 in Short Blades
  2854 | D:3      | Killed IdlyInterested's ghost
  2855 | D:3      | Reached XP level 6. HP: 16/32 MP: 6/15
  3497 | D:4      | Hit by a boomerang thrown by a gnoll

Illustrated notes

Levels and vault maps discovered:
D:1:      dpeg_arrival_radiant, layout_basic, serial_shops, shop, minmay_vboxes
D:2:      layout_loops_ring, serial_shops, nicolae_shop_waterfront,
          nicolae_shop_stone, nicolae_shop_crystal, basic_altar,
          minmay_tiny_reverse_x, uniq_terence
D:3:      layout_basic, ebering_ghost_reflecting_pool,
          shapermc_ecumenical_altar_pompeii
D:4:      layout_basic, minmay_hedge_maze, hangedman_decor_clover_reticule,
          dk_noncrumbling_3

Skill      XL: |  1  2  3  4  5  6 |
---------------+-------------------+-----
Spellcasting   | 4 |  4.6
Ice Magic      | 5 |  5.5
Staves         | 1 |  1.4
Conjurations   | 1 2 |  2.0
Hexes          | 1 2 |  2.3
Translocations | 1 |  1.9
Short Blades   | 3 |  3.3
Stealth        | 3 |  3.1
Dodging        | |  2.4

Action                   |  1- 3 |  4- 6 || total
-------------------------+-------+-------++-------
Melee: Dagger            |    28 |       ||    28
       Staff             |     7 |     1 ||     8
       Rapier            |     5 |    46 ||    51
 Cast: Freeze            |    49 |     3 ||    52
       Frozen Ramparts   |     1 |     3 ||     4
       Ozocubu's Armour  |       |     1 ||     1
  Use: Potion            |     1 |     3 ||     4
       Scroll            |       |     1 ||     1
 Stab: Sleeping          |     4 |     5 ||     9
Armor: Robe              |     7 |     6 ||    13
Dodge: Dodged            |    51 |    32 ||    83

Table legend: (Time is in decaauts)
 A = Elapsed time spent in this place.
 B = Non-inter-level travel time spent in this place.
 C = Inter-level travel time spent in this place.
 D = Time resting spent in this place.
 E = Time spent auto-exploring this place.
 F = Levels seen in this place.
 G = Mean time per level.
                   A        B        C        D        E       F      G
               +--------+--------+--------+--------+--------+-----+--------+
         Total |   3501 |   3461 |     40 |     34 |   2933 |   4 |  875.2 |
       Dungeon |   3501 |   3461 |     40 |     34 |   2933 |   4 |  875.2 |
               +--------+--------+--------+--------+--------+-----+--------+

Top non-repeatable levels by time:
     D:3: 1523 daAuts
     D:1: 1415 daAuts
     D:4: 471 daAuts
     D:2: 91 daAuts
